 Dungeon Crawl Stone Soup version 0.31.0-11-ge490571c62 (webtiles) character file.

Game seed: 2672046340097019159

37 FilipinaBountyHunter the Shooter (level 3, 0/27 HPs)
             Began as a Human Hunter on Jan 29, 2024.
             Succumbed to a gnoll's poison
             ... on level 2 of the Dungeon.
             The game lasted 00:01:48 (322 turns).

FilipinaBountyHunter the Shooter (Human Hunter)      Turns: 322, Time: 00:01:49

Health: 0/27       AC:  3    Str: 11    XL:     3   Next: 41%
Magic:  3/3        EV: 12    Int: 11    God:
Gold:   38         SH:  0    Dex: 16    Spells: 2/2 levels left

rFire   . . .        a - +1 shortbow
rCold   . . .        (shield currently unavailable)
rNeg    . . .        c - +0 leather armour
rPois   .            (no helmet)
rElec   .            (no cloak)
rCorr   .            (no gloves)
SInv    .            (no boots)
Will    .....        (no amulet)
Stlth   +            (no ring)
HPRegen 0.24/turn    (no ring)
MPRegen 0.08/turn

%: no passive effects
@: confused, lethally poisoned (0 -> -27), ambrosia-drunk, slowed, very slow
A: explore regen
a: no special abilities


You were on level 2 of the Dungeon.
You visited 1 branch of the dungeon, and saw 2 of its levels.

You collected 38 gold pieces.

Inventory:

Hand Weapons
 a - a +1 shortbow (weapon)
Armour
 c - a +0 leather armour (worn)
Potions
 d - 2 potions of resistance
 e - a potion of might {unknown}


   Skills:
 * Level 2.2 Fighting
 * Level 4.7 Ranged Weapons
 * Level 0.4 Armour
 * Level 2.1 Dodging
 * Level 1.3 Stealth


You had 2 spell levels left.
You didn't know any spells.
Your spell library contained the following spells:

 Spells                   Type           Power      Damage    Failure   Level
 Blink                    Tloc           0%         N/A       56%         2
 Lesser Beckoning         Tloc           0%         N/A       56%         2
 Momentum Strike          Conj/Tloc      0%         3d8       56%         2


Dungeon Overview and Level Annotations

Branches:
Dungeon (2/15)

Altars:


Innate Abilities, Weirdness & Mutations

You regain HP and MP as you explore.


Message History

Natasha misses you. The gnoll hits you with a +0 whip. Natasha claws you.
A gnoll comes into view. It is wielding a +2 whip of venom.
The gnoll hits you with a +0 whip.
You shoot an arrow. The gnoll shouts!
The arrow hits Natasha.
You kill Natasha!
Moaning pathetically, Natasha's spirit plunges into the ground.
A gnoll comes into view. It is wielding a +0 club.
The gnoll barely misses you.
A hobgoblin comes into view.
The gnoll closely misses you.
The gnoll moves out of view.
You have reached level 3!
Your experience leads to an increase in your attributes!
Increase (S)trength, (I)ntelligence, or (D)exterity?
You feel clever. x2
You aren't carrying any scrolls.
Unknown command.
It was a potion of ambrosia.
You are confused.
You feel invigorated.
The hobgoblin shouts!
You hear a shout!
The adder barely misses you. The gnoll barely misses you. The adder bites you.
The adder barely misses you. The gnoll closely misses you.
The adder misses you. The gnoll hits you with a +0 whip.
The adder bites you but does no damage.
The gnoll hits you with a +2 whip of venom!
You are poisoned.
The gnoll attacks as it pursues you! The gnoll hits you with a +0 whip.
The adder bites you but does no damage.
You feel very sick. The adder barely misses you. The gnoll barely misses you.
The adder bites you.
You are lethally poisoned!
The adder poisons you!
The gnoll hits you with a +2 whip of venom!
* * * LOW HITPOINT WARNING * * *
You are more poisoned.
The gnoll barely misses you.
You're too confused to move!
You die...

##......####
....#......## #
##............?.##..
#..................
#......†........$#
#................#.#
#...........g.......
#..........@g.g.....
#..........gS.......
#........†.........
##.....##.....#....
## #####.########
##...# #.# ##...
#####.# #.....
#....h# #######....#
#....5###..........#


You could see 3 gnolls, an adder and a hobgoblin.

Vanquished Creatures
  Natasha (D:2)
  A dart slug (D:2)
  A bat (D:1)
  2 endoplasms (D:1)
  A goblin (D:1)
  2 ball pythons (D:1)
  2 frilled lizards
  A kobold (D:1)
  A rat (D:1)
12 creatures vanquished.

Notes
Turn   | Place    | Note
-------+----------+-------------------------------------------
     0 | D:1      | FilipinaBountyHunter the Human Hunter began the quest for
                  | the Orb.
     0 | D:1      | Reached XP level 1. HP: 16/16 MP: 1/1
   210 | D:1      | Reached XP level 2. HP: 22/22 MP: 2/2
   276 | D:2      | Noticed Natasha
   317 | D:2      | Killed Natasha
   318 | D:2      | Reached XP level 3. HP: 12/27 MP: 3/3
   322 | D:2      | Succumbed to a gnoll's poison

Illustrated notes

Levels and vault maps discovered:
D:1:      minmay_arrival_solitary_statue, layout_basic, serial_shops, shop,
          chequers_decorated_corner, minmay_misc_feat_room
D:2:      layout_rooms, uniq_natasha

Action                     || total
---------------------------++-------
   Fire: Shortbow          ||    26
    Use: Scroll            ||     3
         Potion            ||     1
 Armour: Leather armour    ||    22
  Dodge: Dodged            ||    21
